 Dungeon Crawl Stone Soup version 0.28.0-43-g3370ac3207 (console) character file.

Game seed: 11119618848854106834

171 Zeor the Shooter (level 5, -2/32 HPs)
             Began as a Tengu Hunter on Mar 16, 2022.
             Slain by a gnoll
             ... wielding a +0 halberd
              (6 damage)
             ... on level 3 of the Dungeon.
             The game lasted 00:06:15 (2285 turns).

Zeor the Shooter (Tengu Hunter)                     Turns: 2285, Time: 00:06:15

Health: -2/32      AC:  6    Str: 13    XL:     5   Next: 51%
Magic:  6/6        EV: 14    Int: 11    God:
Gold:   149        SH:  0    Dex: 16    Spells: 4/4 levels left

rFire   + . .      SeeInvis +   b - +2 short sword (venom)
rCold   . . .      Faith    .   (no shield)
rNeg    . . .      Spirit   .   n - +2 leather armour {rF+}
rPois   .          Reflect  .   (helmet restricted)
rElec   .          Harm     .   (no cloak)
rCorr   .          Rampage  .   f - +0 pair of gloves
Will    .....                   (boots unavailable)
Stlth   ++........              h - amulet of the acrobat
HPRegen 0.10/turn               k - ring of see invisible
MPRegen 0.10/turn               (no ring)

@: mighty, flying quickly and evasively, quick
A: beak, talons 3, nimble flight
a: no special abilities


You were on level 3 of the Dungeon.
You visited 1 branch of the dungeon, and saw 3 of its levels.

You collected 149 gold pieces.

Inventory:

Hand Weapons
 a - a +1 shortbow
 b - a +2 short sword of venom (weapon)
 j - a +0 short sword
Missiles
 d - 7 arrows
 e - 44 bolts
Armour
 f - a +0 pair of gloves (worn)
 n - a +2 leather armour of fire resistance (worn)
Jewellery
 h - an amulet of the acrobat (around neck)
 k - a ring of see invisible (left hand)
Scrolls
 i - a scroll of teleportation
Potions
 l - 2 potions of haste
 m - a potion of heal wounds


   Skills:
 + Level 2.9 Fighting
 + Level 0.8 Short Blades
 + Level 6.1 Bows
 + Level 1.7 Armour
 * Level 2.6 Dodging
 + Level 1.2 Stealth


You had 4 spell levels left.
You didn't know any spells.
Your spell library was empty.

Dungeon Overview and Level Annotations

Branches:
Dungeon (3/15)

Altars:
Ashenzari


Innate Abilities, Weirdness & Mutations

You have a beak for a mouth.
You have claws for feet.
Your magical nature lets you fly swiftly and evasively.


Message History

d - 8 arrows (gained 1)
d - 9 arrows (gained 1)
You see here a +0 falchion.
You reach down and open the door.
A gnoll comes into view.
It is wielding a +0 halberd. 2 gnolls come into view.
The gnoll shouts!
There is an open door here.
You shoot an arrow.
The arrow hits the gnoll but does no damage.
You shoot an arrow. The gnoll shouts!
The arrow hits the gnoll but does no damage.
A gnoll comes into view. It is wielding a +0 club.
The gnoll closely misses you.
Your +2 short sword of venom begins to drip with poison!
b - a +2 short sword of venom (weapon)
The gnoll barely misses you. The gnoll misses you.
The gnoll completely misses you.
There is an open door here.
You hit the gnoll. You claw the gnoll. You peck the gnoll, but do no damage.
The gnoll is severely wounded.
The gnoll closely misses you. The gnoll barely misses you.
You hit the gnoll. You peck the gnoll.
The gnoll is almost dead.
The gnoll closely misses you. The gnoll hits you with a +0 halberd!
The gnoll hits you from afar with a +0 spear.
You feel very mighty all of a sudden. The gnoll misses you.
The gnoll completely misses you.
You barely miss the gnoll. You claw the gnoll. Your peck misses the gnoll.
The gnoll is moderately wounded.
The gnoll hits you from afar with a +0 spear.
The gnoll barely misses you. The gnoll hits you with a +0 halberd.
The gnoll hits you from afar with a +0 spear.
* * * LOW HITPOINT WARNING * * *
You barely miss the gnoll. Your kick misses the gnoll.
The gnoll is moderately wounded.
The gnoll hits you from afar with a +0 halberd.
You die...

▒▒▒ ▒ ▒▒▒▒▒▒▒▒▒▒▒▒∙▒▒∙▒ ▒
▒∙∙∙∙∙∙∙∙∙∙▒▒∙∙∙▒∙▒▒∙▒
▒∙▒▒▒▒∙▒▒▒∙▒∙∙∙∙∙∙∙∙∙∙
▒∙▒▒▒▒∙▒▒▒∙▒▒∙∙∙▒∙∙▒
▒∙∙∙∙∙∙∙∙∙∙∙∙∙∙∙∙∙∙▒
▒∙∙▒▒▒∙▒▒▒∙▒▒▒∙▒▒∙∙∙∙▒ ∙▒ ▒∙∙▒
▒∙▒ ▒∙▒ ▒Q▒ ▒▒▒▒ ∙
▒∙∙▒▒▒∙▒▒▒∙▒ ▒g▒ ▒▒∙
▒∙∙∙∙∙∙∙∙∙∙▒▒ggg▒ ▒∙∙
▒▒∙▒▒▒▒▒▒▒▒▒∙∙∙(∙▒ ▒▒▒∙▒
▒∙▒∙▒▒ ▒∙∙∙∙∙∙∙▒ ▒▒∙▒∙▒
▒∙∙∙∙▒▒▒▒∙∙∙∙∙∙∙∙∙▒▒▒▒∙∙∙∙▒▒▒▒
▒∙∙)∙∙∙∙■∙∙∙∙∙∙∙∙∙■∙∙∙∙∙∙∙∙∙∙∙
▒∙∙∙∙▒▒▒▒∙∙∙∙∙∙∙∙∙▒▒▒▒∙∙∙∙▒▒▒▒
▒▒▒∙▒)▒▒ ▒▒∙∙∙∙∙∙∙▒▒ ▒▒∙∙∙∙▒


You could see 4 gnolls.

Vanquished Creatures
  An orc priest (D:3)
  An orc wizard (D:3)
  3 adders (D:2)
  A worm (D:3)
  3 dart slugs (D:1)
  7 orcs (D:3)
  2 ball pythons
  8 endoplasms
  3 giant cockroaches
  4 goblins
  5 hobgoblins
  8 jackals
  2 quokkas
  6 bats
  2 frilled lizards
  6 kobolds
  7 rats
69 creatures vanquished.

Notes
Turn   | Place    | Note
-------+----------+-------------------------------------------
     0 | D:1      | Zeor the Tengu Hunter began the quest for the Orb.
     0 | D:1      | Reached XP level 1. HP: 12/12 MP: 2/2
    72 | D:1      | Reached XP level 2. HP: 17/17 MP: 3/3
   184 | D:1      | Reached skill level 5 in Bows
   434 | D:1      | Reached XP level 3. HP: 18/21 MP: 4/4
  1034 | D:2      | Reached skill level 1 in Armour
  1034 | D:2      | Reached XP level 4. HP: 26/27 MP: 5/5
  1042 | D:2      | Found a faded altar of an unknown god.
  1099 | D:2      | Found a broken altar of Ashenzari.
  2194 | D:3      | Gained mutation: Your magical nature lets you fly swiftly
                  | and evasively. [Tengu growth]
  2194 | D:3      | Reached XP level 5. HP: 32/32 MP: 6/6
  2216 | D:3      | Reached skill level 6 in Bows
  2285 | D:3      | Slain by a gnoll

Illustrated notes

Levels and vault maps discovered:
D:1:      erik_arrival_triangle_large, layout_loops_ring, minivault_24
D:2:      layout_rooms, hellmonk_ecumenical_altar_arch_garden, basic_altar
D:3:      layout_loops_corners, minmay_misc_feat_columns

Skill      XL: |  1  2  3  4  5 |
---------------+----------------+-----
Bows           | 5 6 |  6.1
Armour         | 1 |  1.7
Fighting       | |  2.9
Short Blades   | |  0.8
Dodging        | |  2.6
Stealth        | |  1.2

Action                   |  1- 3 |  4- 6 || total
-------------------------+-------+-------++-------
Melee: Short sword       |    22 |    29 ||    51
       Kick              |     7 |     8 ||    15
       Peck              |     6 |     3 ||     9
 Fire: Shortbow          |    59 |    64 ||   123
  Use: Scroll            |     4 |     5 ||     9
       Potion            |       |     1 ||     1
 Stab: Sleeping          |     1 |     2 ||     3
Armor: Leather armour    |     9 |     2 ||    11
Dodge: Dodged            |    19 |    18 ||    37
